 Dungeon Crawl Stone Soup version 0.32-a0-933-ga8fa3634e4 (webtiles) character file.

Game seed: 5271766301207744153

3 freelancePsychic the Shield-Bearer (level 1, 0/13 HPs)
             Began as a Demonspawn Wanderer on Apr 14, 2024.
             Slain by a quokka (4 damage)
             ... on level 1 of the Dungeon.
             The game lasted 00:00:35 (123 turns).

freelancePsychic the Shield-Bearer (DsWn)            Turns: 123, Time: 00:00:36

Health: 0/13       AC:  3    Str:  9    XL:     1   Next: 41%
Magic:  3/3        EV: 10    Int: 13    God:
Gold:   4          SH:  6    Dex: 14    Spells: 3/4 levels left

rFire   . . .        a - +0 dagger
rCold   . . .        e - +2 buckler
rNeg    . . .        d - +0 robe
rPois   .            (no helmet)
rElec   .            b - +0 cloak
rCorr   .            (no gloves)
SInv    .            (no boots)
Will    .....        (no amulet)
Stlth   +            (no ring)
HPRegen 0.22/turn    (no ring)
MPRegen 0.08/turn

%: no passive effects
@: no status effects
A: no striking features
a: no special abilities


You were on level 1 of the Dungeon.
You visited 1 branch of the dungeon, and saw 1 of its levels.

You collected 4 gold pieces.

Inventory:

Hand Weapons
 a - a +0 dagger (weapon)
Armour
 b - a +0 cloak (worn)
 d - a +0 robe (worn)
 e - a +2 buckler (worn)
Scrolls
 f - a scroll of identify {unknown}
 g - a scroll of silence {unknown}
Potions
 c - a potion of curing {@q1}


   Skills:
 - Level 1.7 Armour
 - Level 1.7 Dodging
 - Level 2.6 Shields
 - Level 2.0 Spellcasting
 * Level 0.3 Conjurations
 * Level 1.1 Earth Magic


You had 3 spell levels left.
You knew the following spells:

 Your Spells              Type           Power      Damage    Failure   Level
a - Sandblast             Erth           8%         2d5       24%         1

Your spell library contained the following spells:

 Spells                   Type           Power      Damage    Failure   Level
 Stone Arrow              Conj/Erth      6%         3d7       63%         3


Dungeon Overview and Level Annotations

Branches:
Dungeon (1/15)

Altars:


Message History

A bat is nearby!
You hit the bat but do no damage.
The bat is moderately wounded.
The bat barely misses you.
Unknown command.
A kobold comes into view. It is wielding a +0 dagger.
The kobold shouts!
You hear an angry hiss.
You block the bat's attack.
A quokka comes into view.
The bat completely misses you. You block the bat's attack.
You hit the bat.
The bat is severely wounded.
You block the bat's attack. The bat barely misses you.
Okay, then.
You hit the bat.
You kill the bat!
The quokka closely misses you. The quokka barely misses you.
You barely miss the kobold. You block the quokka's attack.
You block the kobold's attack.
You hit the kobold.
The kobold is moderately wounded.
The quokka bites you. The kobold completely misses you.
You hit the kobold but do no damage.
The kobold is moderately wounded.
The quokka barely misses you. The kobold hits you but does no damage.
You hit the kobold but do no damage.
The kobold is moderately wounded.
The quokka bites you. You block the kobold's attack.
The quokka completely misses you.
You hit the kobold.
You kill the kobold!
The quokka barely misses you.
Things that are here:
a +0 dagger; a kobold corpse You hit the quokka but do no damage.
The quokka bites you.
You closely miss the quokka. The quokka bites you.
The quokka barely misses you.
You barely miss the quokka. The quokka bites you.
You closely miss the quokka. The quokka bites you.
You die...

#.###
############.#
.............# #
######...##.#
...#......#..#.#
#......###....#
.....#..#
#......# ...#
#..########.# ..
#>.r@.....# #
#.#####...# #.
.# #. #. #. #.


You could see a quokka.

Vanquished Creatures
  2 bats (D:1)
  A frilled lizard (D:1)
  A kobold (D:1)
4 creatures vanquished.

Notes
Turn   | Place    | Note
-------+----------+-------------------------------------------
     0 | D:1      | freelancePsychic the Demonspawn Wanderer began the quest
                  | for the Orb.
     0 | D:1      | freelancePsychic set off with the following items: a +0
                  | dagger, a +0 cloak, a potion of curing {@q1}, a +0 robe, a
                  | +2 buckler; and the following spell memorised: Sandblast;
                  | and the following spells available to memorise: Stone
                  | Arrow.
     0 | D:1      | Reached XP level 1. HP: 13/13 MP: 3/3
   123 | D:1      | Slain by a quokka

Illustrated notes

Levels and vault maps discovered:
D:1:      tarquinn_simple_flora_water_a, layout_basic,
          ebering_ecumenical_altar_box, chequers_serial_rivers_micro_e

Action                     || total
---------------------------++-------
  Melee: Dagger            ||    29
 Armour: Robe              ||    21
  Dodge: Dodged            ||    21
  Block: Buckler           ||    15

Table legend: (Time is in decaauts)
 A = Elapsed time spent in this place.
 B = Non-inter-level travel time spent in this place.
 C = Inter-level travel time spent in this place.
 D = Time resting spent in this place.
 E = Time spent auto-exploring this place.
 F = Levels seen in this place.
 G = Mean time per level.
                   A        B        C        D        E       F      G
               +--------+--------+--------+--------+--------+-----+--------+
         Total |    124 |    124 |      0 |      0 |     75 |   1 |  124.0 |
       Dungeon |    124 |    124 |      0 |      0 |     75 |   1 |  124.0 |
               +--------+--------+--------+--------+--------+-----+--------+

Top non-repeatable levels by time:
     D:1: 124 daAuts
